 Dungeon Crawl Stone Soup version 0.30-a0-374-g95c0257040 (webtiles) character file.

Game seed: 13981063165520185946

217536 Depression the Tortoise (level 18, -12/178 HPs)
             Began as a Minotaur Monk on Nov 25, 2022.
             Was the Champion of Makhleb.
             Mangled by Donald
             ... wielding a +4 demon trident of venom
              (23 damage)
             ... on level 4 of the Shoals.
             The game lasted 03:56:23 (35318 turns).

Depression the Tortoise (Minotaur Monk)            Turns: 35318, Time: 03:56:23

Health: -12/178    AC: 29    Str: 30    XL:     18   Next: 39%
Magic:  30/30      EV: 14    Int: 16    God:    Makhleb [******]
Gold:   925        SH:  0    Dex: 21    Spells: 20/23 levels left

rFire   + . .      SeeInvis .    a - +9 glaive (drain)
rCold   . . .      Faith    +    (shield currently unavailable)
rNeg    . . .      Spirit   .    u - +6 chain mail of Idealism {rF+ Int+3 Slay+3}
rPois   +          Reflect  .    k - +2 hat of Ypra {Slay+3}
rElec   .          Harm     .    T - +0 cloak
rCorr   +          Rampage  +    J - +1 pair of gloves
Will    +....                    r - +0 pair of boots {rampage}
Stlth   ..........               y - amulet of faith
HPRegen 0.49/turn                Q - ring "Plog" {rPois Str+4 Int+6 Dex+4}
MPRegen 0.22/turn                g - ring of the Raven {Will+ rCorr Str+6}

@: lethally poisoned (-12 -> -49), weak-willed
A: horns 2, retaliatory headbutt
}: 1/15 runes: serpentine
a: Renounce Religion, Minor Destruction, Lesser Servant of Makhleb, Major
Destruction, Greater Servant of Makhleb


You were on level 4 of the Shoals.
You worshipped Makhleb.
Makhleb was exalted by your worship.
You visited 6 branches of the dungeon, and saw 31 of its levels.
You also visited: Sewer and Volcano.

You collected 3743 gold pieces.
You spent 2818 gold pieces at shops.

Inventory:

Hand Weapons
 a - a +9 glaive of draining (weapon)
 b - a +1 glaive of flaming
 c - a +0 longbow of flaming
Missiles
 i - 37 boomerangs (quivered)
 m - 5 throwing nets
 o - 3 javelins
 t - 7 curare-tipped darts
Armour
 k - the +2 hat of Ypra (worn) {Slay+3}
   (You acquired it on level 4 of the Lair of Beasts)

   Slay:      It affects your accuracy & damage with ranged weapons and melee
   (+3).
 p - the +3 ice dragon scales of Buxt {rF- rC++ rN++, rC++, rF-}
   (You found it on level 14 of the Dungeon)

   rF:        It makes you vulnerable to fire.
   rC:        It greatly protects you from cold.
   rN:        It greatly protects you from negative energy.
 r - a +0 pair of boots of rampaging (worn)
 u - the +6 chain mail of Idealism (worn) {rF+ Int+3 Slay+3}
   (You found it on level 3 of the Lair of Beasts)

   Int:       It affects your intelligence (+3).
   Slay:      It affects your accuracy & damage with ranged weapons and melee
   (+3).
   rF:        It protects you from fire.
 J - a +1 pair of gloves (worn)
 T - a +0 cloak (worn)
Jewellery
 g - the ring of the Raven (right hand) {Will+ rCorr Str+6}
   (You took it off a centaur warrior on level 14 of the Dungeon)

   [ring of strength]

   Str:       It affects your strength (+6).
   rCorr:     It protects you from acid and corrosion.
   Will:      It increases your willpower.
 y - an amulet of faith (around neck)
 Q - the ring "Plog" (left hand) {rPois Str+4 Int+6 Dex+4}
   (You acquired it on level 4 of the Lair of Beasts)

   [ring of intelligence]

   Str:       It affects your strength (+4).
   Int:       It affects your intelligence (+6).
   Dex:       It affects your dexterity (+4).
   rPois:     It protects you from poison.
 X - a ring of protection from cold {rC+}
Wands
 f - a wand of polymorph (12)
 H - a wand of mindburst (27)
 L - a wand of light (11)
 V - a wand of iceblast (8)
 Y - a wand of digging (15)
 Z - a wand of flame (56)
Scrolls
 d - 6 scrolls of amnesia
 j - 5 scrolls of vulnerability
 l - 4 scrolls of poison
 n - 12 scrolls of teleportation
 q - 3 scrolls of summoning
 v - 4 scrolls of magic mapping
 x - 6 scrolls of blinking
 C - 2 scrolls of fear
 F - 2 scrolls of silence
 G - 5 scrolls of immolation
 I - 5 scrolls of enchant weapon
 M - a scroll of brand weapon
 R - 5 scrolls of fog
 S - 2 scrolls of enchant armour
Potions
 e - 3 potions of might
 h - 3 potions of mutation
 s - 3 potions of resistance
 w - a potion of magic
 z - a potion of invisibility
 B - 2 potions of lignification
 D - 18 potions of curing
 K - 3 potions of haste
 N - 5 potions of cancellation
 O - 5 potions of brilliance
 P - 5 potions of attraction
 U - a potion of berserk rage
 W - 4 potions of flight
Miscellaneous
 A - a lightning rod (4/4)
 E - a phial of floods (inert)


   Skills:
 - Level 20.0 Fighting
 - Level 5.0(13.8) Axes
 - Level 19.7(20.0) Polearms
 - Level 20.0 Armour
 + Level 6.6 Dodging
 - Level 2.0 Stealth
 - Level 3.0 Spellcasting
 - Level 5.0 Transmutations
 + Level 19.2 Invocations
 + Level 6.3 Evocations


You had 20 spell levels left.
You knew the following spells:

 Your Spells              Type           Power      Damage    Failure   Level
a - Beastly Appendage     Tmut           36%        N/A       6%          1
b - Wereblood             Tmut           18%        N/A       10%         2

Your spell library contained the following spells:

 Spells                   Type           Power      Damage    Failure   Level
 Passwall                 Tmut/Erth      8%         N/A       26%         2
 Apportation              Tloc           4%         N/A       43%         1
 Kiss of Death            Conj/Necr      8%         2d6       43%         1
 Magic Dart               Conj           8%         1d3       43%         1
 Necrotise                Necr           8%         1d4       43%         1
 Sandblast                Erth           4%         2d4       43%         1
 Slow                     Hex            8%         N/A       43%         1
 Summon Small Mammal      Summ           8%         N/A       43%         1
 Spider Form              Tmut/Pois      10%        N/A       45%         3
 Call Imp                 Summ           2%         N/A       58%         2
 Ensorcelled Hibernation  Hex/Ice        4%         N/A       58%         2
 Sublimation of Blood     Necr           2%         N/A       58%         2
 Confusing Touch          Hex            2%         N/A       82%         3
 Dazzling Flash           Conj/Hex       4%         N/A       82%         3
 Gell's Gravitas          Tloc           2%         N/A       82%         3
 Lesser Beckoning         Tloc           4%         N/A       82%         3
 Mephitic Cloud           Conj/Pois/Air  2%         N/A       82%         3
 Ozocubu's Armour         Ice            2%         N/A       82%         3
 Stone Arrow              Conj/Erth      4%         3d7       82%         3
 Teleport Other           Tloc           2%         N/A       82%         3
 Tukima's Dance           Hex            2%         N/A       82%         3
 Vampiric Draining        Necr           2%         2d6       82%         3
 Petrify                  Tmut/Erth      10%        N/A       86%         4
 Anguish                  Hex/Necr       1%         N/A       99%         4
 Animate Armour           Summ/Erth      4%         N/A       99%         4
 Dispel Undead            Necr           2%         3d7       99%         4
 Leda's Liquefaction      Hex/Erth       1%         N/A       99%         4
 Passage of Golubria      Tloc           2%         N/A       99%         4
 Yara's Violent Unravell  Hex/Tmut       5%         3d4       99%         5
 Agony                    Necr           2%         N/A       100%        5
 Borgnjor's Vile Clutch   Necr/Erth      1%         N/A       100%        5
 Lee's Rapid Deconstruct  Erth           1%         3d4*      100%        5
 Metabolic Englaciation   Hex/Ice        1%         N/A       100%        5
 Silence                  Hex/Air        1%         N/A       100%        5
 Simulacrum               Ice/Necr       1%         N/A       100%        6
 Statue Form              Tmut/Erth      6%         N/A       100%        6
 Enfeeble                 Hex            1%         N/A       100%        7
 Summon Hydra             Summ           1%         N/A       100%        7
 Chain Lightning          Conj/Air       1%         3d1       100%        9
 Fire Storm               Conj/Fire      1%         7d1       100%        9
 Shatter                  Erth           1%         3d5*      100%        9


Dungeon Overview and Level Annotations

Branches:
Dungeon (15/15) Zot: 25358  Temple (1/1) D:5 Zot: 5759    Lair (5/5) D:10 Zot: 24025
 Shoals (4/4) Lair:2 Zot: 20799   Snake (4/4) Lair:2 Zot: 17620   Slime (0/5) Lair:4
    Orc (2/2) D:12 Zot: 9683     Elf (0/3) Orc:2        Vaults (0/5) D:14
 Depths (0/4) D:15          Sewer (visited)         Volcano (visited)

Altars:
Ashenzari
Cheibriados
Dithmenos
Elyvilon
Fedhas
Gozag
Hepliaklqana
Kikubaaqudgha
Makhleb
Nemelex Xobeh
Okawaru
Qazlal
Ru
Sif Muna
Trog
Uskayaw
Vehumet
Wu Jian
Xom
Yredelemnul
Zin
The Shining One

Shops:
D:3 (   D:9 :   D:13 :   Orc:2 ([*:**   Shoals:3 *   Shoals:4 *   Snake:1 [
Snake:4 [

Annotations:
D:3 exclusion: statue
D:9 Shop of manuals
Shoals:2 6 transporters
Shoals:4 Donald


Innate Abilities, Weirdness & Mutations

You have a pair of horns on your head.
You reflexively headbutt those who attack you in melee.


Message History

Donald hits you from afar with a +4 demon trident of venom.
Your ynoxinul hits the faun!
The faun hits you from afar with a +0 spear.
* * * LOW HITPOINT WARNING * * *
You slice the faun like a ripe choko!!!
You kill the faun!
Makhleb accepts your kill.
You feel better.
You feel sick. Donald completely misses you.
You feel sick. Donald barely misses you. The faun completely misses you.
You furiously retaliate!
You headbutt the faun!!
Donald says, "I don't get what's so special about the number twenty-seven."
Donald hits you from afar with a +4 demon trident of venom!
* * * LOW HITPOINT WARNING * * *
You slash the faun! You headbutt the faun!
You kill the faun!
Makhleb accepts your kill.
You feel sick.
Your ynoxinul hits Donald but does no damage.
Donald barely misses you.
You feel sick.
You are no longer poisoned.
Donald hits you with a +4 demon trident of venom!!
* * * LOW HITPOINT WARNING * * *
Your ynoxinul hits Donald.
Things that are here:
a +0 spear; a +0 sling; a faun corpse
Okay, then.
Okay, then.
Aiming: Bolt of Light
Press: ? - help, Shift-Dir - straight line, f - Donald
Aim: Donald, wielding a +4 demon trident of venom, wearing a +0 plate armour and wearing a +0 kite shield (lightly wounded, fast, strong, ally target, 88% to hit)
The bolt of light hits Donald!!
Donald is moderately wounded.
Donald is blinded.
Donald hits you with a +4 demon trident of venom!!
* * * LOW HITPOINT WARNING * * *
You are lethally poisoned!
Your ynoxinul hits Donald.
Donald hits you with a +4 demon trident of venom!!
You die...

~~<.... .......#
~~......##P .....##
~~~.... ..##.P.....
~~~~...##....P.....
~~~~~##.....$PPP~~~.~~
~~~~~~P...[....~≈~~.~~
~~~~~#~~~.:...P#~~~:~~
~~~~~~~~~@@...P~~~~...
~~~~~PP~~†3...##.....~
~~~~~~~PP~).##)......~
~~~~~~~PP##)..........
~~~~~~~.~.P##.........
≈≈~~~~~~~~~..~........
≈≈≈~~~~~~~?...~.......
≈≈≈≈~~~~~~~~..~~.....~
≈≈≈≈~~~~~~~~~~~~.~~~


You could see Donald (fast, strong, blind, ally target) and a friendly ynoxinul
(summoned).

Vanquished Creatures
  Vashnia (Snake:2)
  Nikola (Shoals:3)
  2 krakens
  Polyphemus (Shoals:2)
  Kirke (Snake:4)
  Agnes (Snake:4)
  Gastronok (D:10)
  Roxanne (Snake:3)
  Ilsuiw (Shoals:1)
  Louise (Shoals:3)
  5 nagarajas (Snake:4)
  Aizul (Snake:2)
  A red draconian (Volcano)
  Azrael (D:15)
  Snorg (Orc:1)
  An ettin (D:15)
  3 merfolk impalers
  A great orb of eyes (D:14)
  An ice dragon (Lair:5)
  4 boulder beetles
  14 hydras
  A catoblepas (Shoals:2)
  4 salamander tyrants
  9 centaur warriors
  9 anacondas
  A merfolk avatar (Shoals:4)
  5 two-headed ogres
  A death knight (D:14)
  Erica (D:11)
  A satyr (Shoals:3)
  3 tengu warriors
  14 naga warriors
  8 death yaks
  4 orc high priests (Orc:2)
  2 shock serpents
  8 naga sharpshooters
  4 salamander mystics
  Nergalle (D:10)
  Amaemon (Lair:1)
  An iron troll (D:14)
  3 deep trolls (D:15)
  4 wizards
  A glowing orange brain (shapeshifter) (D:14)
  9 naga ritualists
  2 lindwurms
  3 orc knights
  8 sea snakes
  10 harpies
  A lindwurm (shapeshifter) (D:13)
  5 deep elf pyromancers
  16 cyclopes
  15 manticores
  4 orc sorcerers
  7 mana vipers
  19 ugly things
  A wolf spider (shapeshifter) (D:14)
  13 salamanders
  11 fauns
  5 guardian serpents
  39 black mambas
  7 merfolk sirens
  15 elephants
  Maurice (Orc:1)
  3 water nymphs
  8 torpor snails
  5 gargoyles
  13 naga magi
  4 cane toads
  Maggie (D:10)
  An orange demon (Lair:1)
  3 efreet (D:14)
  A kobold demonologist (D:14)
  4 unseen horrors
  A rime drake (Lair:3)
  9 komodo dragons
  3 freezing wraiths
  9 polar bears (Lair:5)
  A troll (shapeshifter) (D:14)
  10 trolls
  4 tyrant leeches (Lair:5)
  3 snapping turtles
  5 wind drakes
  6 hornets
  A raiju (Lair:5)
  12 merfolk
  6 meliai (D:15)
  Grinder (D:6)
  9 blink frogs
  11 dream sheep
  A centaur simulacrum (D:15)
  3 wyverns
  56 yaks
  2 wraiths
  A hog (Snake:4)
  4 water elementals
  3 basilisks
  2 fire elementals (D:15)
  A fire bat (Volcano)
  Eustachio (D:5)
  A steam dragon (D:8)
  7 wargs
  43 nagas
  3 acid dragons
  7 water moccasins
  22 hell hounds
  13 black bears
  A swamp drake (Orc:2)
  29 orc warriors
  2 ice beasts
  4 sky beasts
  5 ogres
  19 wolves
  4 centaurs
  3 phantoms (D:5)
  4 kobold brigands
  8 bullfrogs
  A gnoll sergeant (D:6)
  9 necrophages
  3 scorpions
  4 wights (D:6)
  8 howler monkeys
  8 lava snakes (Volcano)
  A crimson imp (Orc:2)
  2 iron imps
  22 orc priests
  2 gnoll boudas
  2 jellies
  A hound (D:6)
  7 iguanas
  22 orc wizards
  7 hell rats (Lair:4)
  11 adders
  26 gnolls
  A river rat (D:4)
  A shadow imp (Orc:2)
  2 white imps
  An ufetubus (D:6)
  3 worms
  A dart slug (D:1)
  106 orcs
  16 ball pythons
  6 bats
  20 endoplasms
  10 giant cockroaches
  3 goblins
  3 hobgoblins
  7 jackals
  6 quokkas
  11 frilled lizards
  18 kobolds
  3 rats
  2 plants (Lair:5)
  10 tentacles
1070 creatures vanquished.

Vanquished Creatures (collateral kills)
  Frances (Snake:2)
  An orc warlord (Orc:2)
  An anaconda (Snake:4)
  A merfolk aquamancer (Shoals:3)
  A death yak (Lair:5)
  A naga warrior (Snake:1)
  3 naga sharpshooters
  A salamander mystic (Volcano)
  An orc knight (Orc:2)
  A manticore (Shoals:3)
  A salamander (Volcano)
  2 elephants (Lair:3)
  A molten gargoyle (Volcano)
  2 hornets (Lair:5)
  A water elemental (Shoals:3)
  A naga (Snake:4)
  2 orc warriors
  2 orc priests
  2 orc wizards
  7 orcs
33 creatures vanquished.

Vanquished Creatures (others)
  A centaur simulacrum (D:14)
  3 spriggans (D:13)
  4 humans (Snake:4)
  A naga (Snake:4)
  2 orc wizards (Orc:2)
  3 orcs (Orc:2)
  8 fungi
  98 plants
  14 tentacles
134 creatures vanquished.

Grand Total: 1237 creatures vanquished

Notes
Turn   | Place    | Note
-------+----------+-------------------------------------------
     0 | D:1      | Depression the Minotaur Monk began the quest for the Orb.
     0 | D:1      | Reached XP level 1. HP: 19/19 MP: 0/0
   337 | D:1      | Reached XP level 2. HP: 27/27 MP: 1/1
   349 | D:1      | Reached skill level 4 in Axes
   664 | D:2      | Reached skill level 4 in Fighting
   664 | D:2      | Reached skill level 2 in Stealth
   664 | D:2      | Reached XP level 3. HP: 32/33 MP: 2/2
   779 | D:2      | Reached XP level 4. HP: 33/40 MP: 3/3
  1058 | D:2      | Reached skill level 5 in Axes
  1166 | D:3      | Found a radiant altar of Vehumet.
  1166 | D:3      | Noticed a charred statue
  1278 | D:3      | Found a faded altar of an unknown god.
  1282 | D:3      | Found a sacrificial altar of Ru.
  1435 | D:3      | Found Duplaomi's Weapon Boutique.
  1566 | D:4      | Found a snail-covered altar of Cheibriados.
  1576 | D:4      | Reached skill level 1 in Polearms
  1576 | D:4      | Reached skill level 4 in Dodging
  1609 | D:4      | Reached skill level 1 in Armour
  1609 | D:4      | Reached XP level 5. HP: 43/47 MP: 4/4
  1657 | D:4      | Reached skill level 2 in Polearms
  1661 | D:4      | Found a shimmering altar of Xom.
  1674 | D:4      | Reached skill level 5 in Fighting
  1674 | D:4      | Reached skill level 3 in Polearms
  1674 | D:4      | Reached skill level 2 in Armour
  1674 | D:4      | Reached XP level 6. HP: 22/56 MP: 5/5
  1813 | D:4      | Found a glowing drain.
  1817 | Sewer    | Entered a sewer
  2083 | Sewer    | Reached skill level 3 in Armour
  2083 | Sewer    | Reached skill level 5 in Dodging
  2124 | D:4      | Noticed a water moccasin
  2134 | D:4      | Killed a water moccasin
  2135 | D:4      | Reached skill level 5 in Armour
  2135 | D:4      | Reached XP level 7. HP: 45/61 MP: 6/6
  2846 | D:5      | Entered Level 5 of the Dungeon
  2858 | D:5      | Reached skill level 4 in Polearms
  2958 | D:5      | Reached skill level 6 in Fighting
  2958 | D:5      | Reached skill level 5 in Polearms
  2960 | D:5      | Found a staircase to the Ecumenical Temple.
  2978 | D:5      | Learned a level 2 spell: Wereblood
  2979 | Temple   | Entered the Ecumenical Temple
  3182 | Temple   | Became a worshipper of Makhleb the Destroyer
  3182 | Temple   | Reached * piety under Makhleb
  3182 | Temple   | Reached ** piety under Makhleb
  3278 | D:5      | Noticed Eustachio
  3284 | D:5      | Killed Eustachio
  3285 | D:5      | Reached skill level 1 in Invocations
  3285 | D:5      | Reached XP level 8. HP: 71/71 MP: 6/8
  3350 | D:5      | Reached skill level 2 in Invocations
  3409 | D:5      | Reached skill level 6 in Polearms
  3420 | D:5      | Reached skill level 7 in Fighting
  3430 | D:5      | Reached skill level 3 in Invocations
  3959 | D:5      | Reached skill level 7 in Polearms
  4117 | D:6      | Reached skill level 4 in Invocations
  4133 | D:6      | Reached skill level 8 in Fighting
  4329 | D:6      | Noticed Grinder
  4334 | D:6      | Paralysed by Grinder for 2 turns
  4337 | D:6      | Killed Grinder
  4338 | D:6      | Reached XP level 9. HP: 60/81 MP: 11/11
  4568 | D:6      | Reached skill level 8 in Polearms
  4570 | D:6      | Reached skill level 5 in Invocations
  4571 | D:6      | Reached *** piety under Makhleb
  5127 | D:7      | Reached skill level 9 in Fighting
  6056 | D:8      | Reached skill level 6 in Invocations
  6060 | D:8      | Reached skill level 9 in Polearms
  6161 | D:8      | Noticed a troll
  6180 | D:8      | Killed a troll
  6420 | D:8      | Reached **** piety under Makhleb
  6434 | D:8      | Reached skill level 10 in Fighting
  6434 | D:8      | Reached XP level 10. HP: 33/93 MP: 12/14
  6444 | D:7      | Reached skill level 7 in Invocations
  6814 | D:9      | Reached skill level 8 in Invocations
  6998 | D:9      | Reached skill level 9 in Invocations
  7267 | D:9      | Noticed a boulder beetle
  7280 | D:9      | Killed a boulder beetle
  7281 | D:9      | Reached skill level 10 in Invocations
  7327 | D:9      | Found a hazy altar of Hepliaklqana.
  7341 | D:9      | Found a glowing silver altar of Zin.
  7450 | D:9      | Found Pidaol's Self-Improvement Boutique.
  7514 | D:10     | Entered Level 10 of the Dungeon
  7521 | D:10     | Noticed Nergalle
  7583 | D:10     | Noticed a two-headed ogre
  7591 | D:10     | Killed a two-headed ogre
  7592 | D:10     | Reached skill level 6 in Armour
  7785 | D:10     | Noticed Maggie
  7797 | D:10     | Killed Maggie
  7798 | D:10     | Reached XP level 11. HP: 83/99 MP: 18/18
  7883 | D:10     | Noticed Gastronok
  7887 | D:10     | Noticed a spectral orc warlord
  7891 | D:10     | Killed Nergalle
  7892 | D:10     | Reached skill level 11 in Invocations
  7917 | D:10     | Killed Gastronok
  7918 | D:10     | Reached skill level 7 in Armour
  7947 | D:10     | Found a staircase to the Lair.
  8102 | D:10     | Reached ***** piety under Makhleb
  8103 | D:10     | Noticed a two-headed ogre
  8116 | D:10     | Killed a two-headed ogre
  8117 | D:10     | Reached skill level 12 in Invocations
  8133 | D:10     | Reached skill level 8 in Armour
  8518 | Lair:1   | Entered Level 1 of the Lair of Beasts
  8666 | Lair:1   | Noticed an eight-headed hydra
  8789 | D:11     | Reached skill level 1 in Evocations
  8794 | D:11     | Noticed a two-headed ogre
  8943 | D:11     | Noticed a two-headed ogre
  8963 | D:11     | Killed a two-headed ogre
  8971 | D:11     | Reached skill level 2 in Evocations
  9102 | D:11     | Killed a two-headed ogre
  9282 | D:11     | Noticed a white ugly thing
  9301 | D:11     | Killed a white ugly thing
  9302 | D:11     | Reached skill level 13 in Invocations
  9328 | D:11     | Noticed a boulder beetle
  9335 | D:11     | Killed a boulder beetle
  9336 | D:11     | Reached skill level 9 in Armour
  9465 | D:11     | Reached XP level 12. HP: 86/106 MP: 20/20
  9874 | D:11     | Reached skill level 3 in Evocations
 10104 | D:11     | Noticed Erica
 10111 | D:11     | Killed Erica
 11390 | D:12     | Found a staircase to the Orcish Mines.
 11454 | D:12     | Reached skill level 4 in Evocations
 11661 | Orc:1    | Entered Level 1 of the Orcish Mines
 11690 | Orc:1    | Noticed Maurice
 11720 | Orc:1    | Killed Maurice
 11721 | Orc:1    | Reached skill level 10 in Armour
 11721 | Orc:1    | Reached skill level 14 in Invocations
 12129 | Orc:1    | Reached skill level 10 in Polearms
 12149 | Orc:1    | Found a dark tunnel.
 12157 | Volcano  | Entered a volcano
 12321 | Volcano  | Found a radiant altar of Vehumet.
 12351 | Volcano  | HP: 16/106 [salamander/+0 glaive (14)]
 12576 | Volcano  | Reached skill level 5 in Evocations
 12755 | Volcano  | Noticed a red draconian
 12770 | Volcano  | Killed a red draconian
 13515 | Lair:1   | Killed a five-headed hydra
 13733 | Lair:1   | Noticed Amaemon
 13762 | Lair:1   | Killed Amaemon
 13763 | Lair:1   | Reached skill level 11 in Polearms
 13763 | Lair:1   | Reached XP level 13. HP: 113/113 MP: 23/23
 13973 | Lair:1   | Reached skill level 15 in Invocations
 14387 | Lair:2   | Found a staircase to the Shoals.
 14592 | Lair:2   | Found a staircase to the Snake Pit.
 14647 | Lair:2   | Reached ****** piety under Makhleb
 15647 | Lair:3   | Reached skill level 12 in Polearms
 15698 | Lair:3   | Identified the +6 chain mail of Idealism {rF+ Int+3 Slay+3}
 15843 | Lair:3   | Reached skill level 11 in Fighting
 15866 | Lair:3   | Reached skill level 11 in Armour
 16250 | Lair:4   | Reached skill level 13 in Polearms
 16280 | Lair:4   | Found a glowing silver altar of Zin.
 16323 | Lair:4   | Found a staircase to the Slime Pits.
 16641 | Lair:4   | Identified 2 scrolls of acquirement
 16642 | Lair:4   | Acquired the ring "Plog" {rPois Str+4 Int+6 Dex+4}
 16647 | Lair:4   | Acquired the +2 hat of Ypra {Slay+3}
 16864 | D:9      | Bought a manual of Armour for 1040 gold pieces
 17010 | Lair:4   | Reached XP level 14. HP: 124/124 MP: 24/24
 17556 | Lair:5   | Entered Level 5 of the Lair of Beasts
 17604 | Lair:5   | Found a runed translucent door.
 17608 | Lair:5   | Reached skill level 12 in Armour
 17627 | Lair:5   | Reached skill level 14 in Polearms
 17726 | Lair:5   | Paralysed by a hornet for 2 turns
 17745 | Lair:5   | HP: 24/125 [tyrant leech (8)]
 18020 | Lair:5   | Reached skill level 12 in Fighting
 18429 | Lair:5   | Reached skill level 16 in Invocations
 18438 | Lair:5   | Reached skill level 1 in Transmutations
 18462 | Lair:5   | Reached skill level 1 in Spellcasting
 18503 | Lair:5   | Reached skill level 13 in Armour
 18685 | Lair:5   | Reached skill level 15 in Polearms
 18868 | Lair:5   | Reached skill level 2 in Transmutations
 19206 | Lair:5   | Reached skill level 2 in Spellcasting
 19364 | D:9      | Bought a manual of Fighting for 1040 gold pieces
 19623 | Orc:2    | Entered Level 2 of the Orcish Mines
 19820 | Orc:1    | Noticed Snorg
 19832 | Orc:1    | Killed Snorg
 19906 | Orc:2    | Found a staircase to the Elven Halls.
 20138 | Orc:2    | Found Peetturph's Specific Store.
 20139 | Orc:2    | Found Hantargh's General Store.
 20146 | Orc:2    | Bought a scroll of noise for 13 gold pieces
 20242 | Orc:2    | Noticed an orc warlord
 20268 | Orc:2    | Reached skill level 13 in Fighting
 20268 | Orc:2    | Killed an orc warlord
 20269 | Orc:2    | Reached XP level 15. HP: 82/135 MP: 26/26
 20278 | Orc:2    | HP: 29/125 [orc sorcerer/bolt of negative energy (33)]
 20281 | Orc:2    | Reached skill level 14 in Armour
 20490 | Orc:2    | Reached skill level 3 in Transmutations
 20497 | Orc:2    | HP: 26/127 [orc priest/divine providence (13)]
 20502 | Orc:2    | HP: 28/127 [orc warrior/+0 halberd (2)]
 20507 | Orc:2    | HP: 20/127 [orc warrior/+0 halberd (9)]
 20513 | Orc:2    | HP: 18/127 [orc warrior/+0 halberd (7)]
 20783 | Orc:2    | Found Ygrestos's Antique Armour Shop.
 20786 | Orc:2    | Found Geussock's Antique Weapon Shop.
 20787 | Orc:2    | Found Rosi's General Store.
 20787 | Orc:2    | Found Caquej's Book Boutique.
 20809 | Orc:2    | Bought a scroll of blinking for 97 gold pieces
 21091 | Orc:2    | Identified the +1 hat "Weciope" {+Inv rPois Stlth-}
 21103 | Orc:2    | Reached skill level 16 in Polearms
 21250 | Orc:2    | Bought a scroll of summoning for 123 gold pieces
 21250 | Orc:2    | Bought a scroll of teleportation for 39 gold pieces
 21498 | D:13     | Found Xazean's Book Shoppe.
 21959 | D:13     | Reached skill level 14 in Fighting
 21978 | D:13     | Found a shadowy altar of Dithmenos.
 22142 | D:14     | Reached skill level 15 in Armour
 22189 | D:14     | Learned a level 1 spell: Beastly Appendage
 22213 | D:14     | Identified the +3 flail "Soydeismod" {vorpal, Dex+5}
 22213 | D:14     | Identified the ring of the Raven {Will+ rCorr Str+6}
 22776 | D:14     | Reached skill level 17 in Polearms
 22910 | D:14     | Identified the +3 ice dragon scales of Buxt {rF- rC++ rN++}
 23491 | D:14     | Reached skill level 15 in Fighting
 23501 | D:14     | Found a gate to the Vaults.
 23873 | D:14     | Found an iron altar of Okawaru.
 23934 | D:15     | Entered Level 15 of the Dungeon
 23935 | D:15     | Found the +8 autumn katana {vorpal, manifold assault}
 24042 | D:15     | Noticed Azrael
 24049 | D:15     | Killed Azrael
 24125 | D:15     | Reached XP level 16. HP: 126/149 MP: 27/27
 24139 | D:15     | Reached skill level 16 in Armour
 24272 | D:15     | Found a staircase to the Depths.
 24297 | D:15     | Reached skill level 4 in Transmutations
 24380 | D:15     | Reached skill level 3 in Spellcasting
 24404 | D:15     | Reached skill level 17 in Invocations
 25667 | Snake:1  | Entered Level 1 of the Snake Pit
 25693 | Snake:1  | Found Sychakaq's Antique Armour Shoppe.
 25729 | Snake:1  | Bought a pair of embroidered boots for 202 gold pieces
 25917 | Snake:1  | Reached skill level 18 in Polearms
 26143 | Snake:1  | Reached skill level 16 in Fighting
 26444 | Snake:1  | Reached skill level 17 in Armour
 26548 | Snake:1  | Reached skill level 5 in Transmutations
 26671 | Snake:1  | HP: 23/152 [naga/+0 dire flail (16)]
 26676 | Snake:1  | HP: 23/152 [poisoned by a guardian serpent (bolt of
                  | poison)]
 27811 | Snake:2  | Noticed Aizul
 27865 | Snake:2  | Killed Aizul
 27867 | Snake:2  | Noticed Vashnia
 27870 | Snake:2  | Noticed Frances
 27873 | Snake:2  | Killed Vashnia
 27874 | Snake:2  | Reached skill level 17 in Fighting
 27874 | Snake:2  | Reached skill level 19 in Polearms
 27877 | Snake:2  | Killed Frances
 27883 | Snake:2  | HP: 20/155 [naga sharpshooter/bolt[Vashnia] (25)]
 27885 | Snake:2  | HP: 4/155 [naga sharpshooter/arrow[Vashnia] (18)]
 27890 | Snake:2  | HP: 9/155 [poisoned by a naga sharpshooter (splash of
                  | poison)]
 28235 | Snake:2  | Reached XP level 17. HP: 151/161 MP: 28/28
 28635 | Snake:3  | Reached skill level 18 in Armour
 28635 | Snake:3  | Identified Roxanne's Commentary on the Mountains
 28635 | Snake:3  | Noticed Roxanne
 28728 | Snake:3  | Killed Roxanne
 29691 | Snake:4  | Entered Level 4 of the Snake Pit
 29964 | Snake:4  | Found Kall's Antique Armour Shoppe.
 29970 | Snake:4  | Bought a runed scarf for 264 gold pieces
 30345 | Snake:4  | Noticed Kirke
 30366 | Snake:4  | Killed Kirke
 30599 | Snake:4  | Noticed Agnes
 30604 | Snake:4  | Killed Agnes
 30819 | Snake:4  | Reached skill level 18 in Fighting
 31165 | Snake:4  | HP: 39/165 [naga sharpshooter/arrow (18)]
 31167 | Snake:4  | Reached skill level 18 in Invocations
 31168 | Snake:4  | Reached skill level 19 in Armour
 31168 | Snake:4  | HP: 17/166 [naga/+0 flail (8)]
 31870 | Snake:4  | Reached skill level 19 in Fighting
 31944 | Snake:4  | Got a serpentine rune of Zot
 32192 | Shoals:1 | Entered Level 1 of the Shoals
 32446 | Shoals:1 | Noticed a kraken
 32459 | Shoals:1 | Killed a kraken
 32891 | Shoals:1 | Reached skill level 20 in Armour
 33217 | Shoals:2 | Noticed a kraken
 33219 | Shoals:2 | Noticed Ilsuiw
 33236 | Shoals:2 | HP: 41/170 [drowned by a water nymph (7)]
 33241 | Shoals:2 | Found a transporter.
 33243 | Shoals:2 | Found a transporter.
 33525 | Shoals:1 | Killed Ilsuiw
 33526 | Shoals:1 | Reached XP level 18. HP: 178/178 MP: 30/30
 33536 | Shoals:2 | Noticed Polyphemus
 33552 | Shoals:2 | Killed Polyphemus
 33599 | Shoals:2 | Reached skill level 20 in Fighting
 33891 | Shoals:2 | Found a transporter.
 33895 | Shoals:2 | Found a transporter.
 33990 | Shoals:2 | Found a transporter.
 33991 | Shoals:2 | Found a transporter.
 34318 | Shoals:3 | Noticed Louise
 34327 | Shoals:3 | Killed Louise
 34464 | Shoals:3 | Reached skill level 19 in Invocations
 34866 | Shoals:3 | Reached skill level 6 in Dodging
 35005 | Shoals:3 | Found Ifahe's Mayhem Merchandise.
 35074 | Shoals:3 | Noticed Nikola
 35082 | Shoals:3 | Killed Nikola
 35083 | Shoals:3 | Reached skill level 6 in Evocations
 35234 | Shoals:4 | Entered Level 4 of the Shoals
 35234 | Shoals:4 | Found Keeth's Mass Market.
 35294 | Shoals:4 | Noticed Donald
 35317 | Shoals:4 | HP: 38/178 [Donald/+4 demon trident of venom (24)]
 35318 | Shoals:4 | HP: 11/178 [Donald/+4 demon trident of venom (28)]
 35318 | Shoals:4 | Mangled by Donald

Illustrated notes

Levels and vault maps discovered:
D:1:      saegor_arrival_fortress, layout_rooms, serial_park_tiny_2
D:2:      layout_rooms
D:3:      layout_rooms, vehumet_statue, nicolae_overflow_ecumenical_swirl,
          serial_shops, nicolae_shop_bloodbath_and_beyond, minmay_misc_feat_tiny
D:4:      layout_cave_pods, slow_altar_1, xom_teletrap_fun, gup_sewer_entry_bowl
D:5:      layout_loops_cross, minmay_temple_entry_offerings, st_stairs_1,
          minmay_fractal_squares_diagonal_5, uniq_eustachio
D:6:      layout_loops_ring, corexii_corridor_pit, uniq_grinder
D:7:      layout_loops_ring, kennysheep_cross_bottleneck
D:8:      layout_gridville, st_stairs_3
D:9:      layout_loops_cross, mainiacjoe_overflow_swirl, nicolae_shop_self_help
D:10:     layout_roguey, dpeg_oklobed_lair, uniq_maggie, uniq_gastronok,
          uniq_nergalle
D:11:     layout_stronghold, minmay_misc_feat_encased, uniq_erica
D:12:     layout_small_grid, david_orc_5
D:13:     dreamdust_experimentation, layout_loops_cross, serial_shops,
          nicolae_shop_crystal, grunt_dithmenos_smoke
D:14:     minmay_the_grid_octo_triangle [minmay_the_grid_octo_clover_2,
          minmay_the_grid_octo_prize_single_spiral,
          minmay_the_grid_octo_clover], layout_layer_cave, david_vaults_4,
          okawaru_altar_gauntlet_db
D:15:     hangedman_depths_entry_civil_slaughter, layout_layer_cave,
          hangedman_decor_peaks_small, uniq_azrael
Temple:   nicolae_temple_slightly_damp_pantheon
Lair:1:   layout_cellular_growth, uniq_amaemon
Lair:2:   layout_layer_cave, elwin_shoals_entry_rocks,
          minmay_snake_entry_guardpost_small, serial_rivers,
          chequers_serial_rivers_marsh, chequers_serial_rivers_small_3,
          chequers_serial_rivers_room_a, chequers_serial_rivers_micro_d,
          chequers_serial_rivers_small_b
Lair:3:   layout_long_grid, roderic_carrion_pond, grunt_megastairs_2,
          lemuel_fruit_fields
Lair:4:   layout_cave_pods, nicolae_slime_entry_slimehenge, basic_altar
Lair:5:   hangedman_lair_caniforms_friends, layout_hall_layers, wormcave
Shoals:1: layout_shoals
Shoals:2: layout_shoals, serial_nicolae_subway, nicolae_sub_station_metal,
          nicolae_sub_station_stone, nicolae_sub_station_crystal, uniq_ilsuiw,
          uniq_polyphemus
Shoals:3: layout_shoals, minmay_shop_mayhem, uniq_louise, uniq_nikola
Shoals:4: shoals_end_grunt_garden, layout_shoals, minmay_shop_mass, uniq_donald
Snake:1:  layout_chambers, serial_shops, shop_fountains
Snake:2:  nicolae_snake_nest, layout_gridlike, uniq_frances, uniq_aizul,
          uniq_vashnia
Snake:3:  layout_gridlike, nicolae_triple_integral, uniq_roxanne
Snake:4:  johnstein_snake_rune_scales, layout_chambers, serial_shops,
          nicolae_shop_behind_doors, uniq_kirke, uniq_agnes
Orc:1:    layout_diamond_mine, lightli_volcano_entry_magma_tube, uniq_snorg,
          uniq_maurice
Orc:2:    st_orc_congregation, layout_diamond_mine, nicolae_specific_store,
          hangedman_minor_magic

Skill      XL: |  1  2  3  4  5  6  7  8  9 10 11 12 13 14 15 16 17 18 |
---------------+-------------------------------------------------------+-----
Axes           | 4 5 |  5.0
Fighting       | 4 5 6 8 10 11 13 15 17 19 20 | 20.0
Stealth        | 2 |  2.0
Polearms       | 1 3 5 7 9 11 13 15 17 19 | 19.7
Dodging        | 4 5 6 |  6.6
Armour         | 1 2 5 6 9 10 11 13 15 17 20 | 20.0
Invocations    | 1 4 6 10 13 14 15 16 17 18 19 | 19.2
Evocations     | 2 5 6 |  6.3
Transmutations | 2 3 5 |  5.0
Spellcasting   | 2 3 |  3.0

Action                   |  1- 3 |  4- 6 |  7- 9 | 10-12 | 13-15 | 16-18 || total
-------------------------+-------+-------+-------+-------+-------+-------++-------
Melee: Hand axe          |    63 |       |       |       |       |       ||    63
       Headbutt          |     9 |    14 |    47 |   133 |   224 |   176 ||   603
       Halberd           |       |   143 |   291 |   533 |       |       ||   967
       Glaive            |       |       |       |    24 |   991 |   791 ||  1806
 Fire: Shortbow          |       |       |     2 |       |       |       ||     2
       Longbow           |       |       |       |       |     1 |    16 ||    17
Throw: Boomerang         |       |     3 |     4 |     6 |    12 |     6 ||    31
       Dart              |       |       |       |    19 |       |       ||    19
       Javelin           |       |       |       |     5 |       |       ||     5
 Cast: Wereblood         |       |       |       |       |       |     2 ||     2
Invok: Minor Destruction |       |       |    26 |    39 |    10 |     3 ||    78
       Lesser Servant of |       |       |       |     7 |     6 |     4 ||    17
       Greater Servant o |       |       |       |     1 |     1 |     4 ||     6
       Major Destruction |       |       |       |       |       |     1 ||     1
Evoke: Wand              |       |       |       |     8 |     2 |     3 ||    13
       Phial of floods   |       |       |       |       |       |     3 ||     3
  Use: Scroll            |       |       |     9 |    13 |    12 |     8 ||    42
       Potion            |       |       |       |     5 |     3 |     3 ||    11
 Stab: Sleeping          |       |     1 |       |       |       |       ||     1
       Distracted        |       |       |       |     3 |     3 |     1 ||     7
       Petrifying        |       |       |       |       |       |     1 ||     1
Armor: Robe              |     4 |       |       |       |       |       ||     4
       Ring mail         |    10 |       |       |       |       |       ||    10
       Chain mail        |       |    82 |   151 |    39 |   599 |   406 ||  1277
       Plate armour      |       |       |       |   214 |       |       ||   214
       Scale mail        |       |       |       |    33 |       |       ||    33
Dodge: Dodged            |    46 |    48 |   104 |   168 |   425 |   346 ||  1137

Table legend: (Time is in decaauts)
 A = Elapsed time spent in this place.
 B = Non-inter-level travel time spent in this place.
 C = Inter-level travel time spent in this place.
 D = Time resting spent in this place.
 E = Time spent auto-exploring this place.
 F = Levels seen in this place.
 G = Mean time per level.
                   A        B        C        D        E       F      G
               +--------+--------+--------+--------+--------+-----+--------+
         Total |  35414 |  33250 |   2164 |   8257 |  10466 |  33 | 1073.2 |
       Dungeon |  15795 |  14636 |   1159 |   2965 |   4699 |  15 | 1053.0 |
        Temple |    240 |    240 |      0 |      0 |    164 |   1 |  240.0 |
          Lair |   5974 |   5456 |    518 |    856 |   1881 |   5 | 1194.8 |
        Shoals |   3199 |   3096 |    103 |   1041 |   1145 |   4 |  799.8 |
     Snake Pit |   6379 |   6168 |    211 |   2023 |   2143 |   4 | 1594.8 |
  Orcish Mines |   2316 |   2145 |    171 |    693 |    433 |   2 | 1158.0 |
         Sewer |    354 |    354 |      0 |     39 |      0 |   1 |  354.0 |
       Volcano |   1154 |   1154 |      0 |    638 |      0 |   1 | 1154.0 |
               +--------+--------+--------+--------+--------+-----+--------+

Top non-repeatable levels by time:
 Snake:4: 2060 daAuts
 Snake:1: 2032 daAuts
    D:14: 1833 daAuts
    D:11: 1696 daAuts
    D:15: 1531 daAuts
  Lair:5: 1457 daAuts
 Snake:3: 1438 daAuts
  Lair:2: 1377 daAuts
Shoals:1: 1320 daAuts
    D:10: 1307 daAuts
  Lair:4: 1301 daAuts
    D:12: 1257 daAuts
   Orc:2: 1217 daAuts
  Lair:1: 1170 daAuts
 Volcano: 1154 daAuts
